 Dungeon Crawl Stone Soup version 0.24.0-123-gd5b16e6ec5 (webtiles) character file.

Game seed: 11540893669679921289, levelgen mode: deterministic

144501 Delamore the Warrior (level 17, -18/170 HPs)
             Began as a Hill Orc Fighter on Dec 23, 2019.
             Was the Champion of Okawaru.
             Killed from afar by a nagaraja (33 damage)
             ... with a poison arrow
             ... on level 3 of the Snake Pit.
             The game lasted 00:55:40 (27100 turns).

Delamore the Warrior (Hill Orc Fighter)            Turns: 27100, Time: 00:55:41

Health: -18/170    AC: 28    Str: 32    XL:     17   Next: 40%
Magic:  24/24      EV:  8    Int: 11    God:    Okawaru [******]
Gold:   2593       SH: 39    Dex: 14    Spells: 16/16 levels left

rFire    . . .     SeeInvis +   a - +3 broad axe (chop)
rCold    . . .     Gourm    .   H - +10 large shield of Ignorance {rN+ Int-4}
rNeg     + . .     Faith    .   b - +1 crystal plate armour
rPois    .         Spirit   .   S - +2 helmet {Int+3}
rElec    +         Reflect  +   N - +1 cloak {+Inv}
rCorr    .         Harm     .   D - +0 pair of gloves of Gehenna {Str+2 Int+4}
MR       +....                  n - +0 pair of boots {Stlth+}
Stlth    ..........             q - amulet of Surprise {Reflect rElec Str+4 Dex+4 SH+3}
HPRegen  0.38/turn              F - ring of see invisible
MPRegen  0.19/turn              i - +3 ring of evasion

@: lethally poisoned (-18 -> -62), heroism, slowed, constricted, very slow
A: no striking features
a: Heroism, Finesse, Renounce Religion, Evoke Invisibility


You were on level 3 of the Snake Pit.
You worshipped Okawaru.
Okawaru was exalted by your worship.
You were not hungry.

You visited 6 branches of the dungeon, and saw 27 of its levels.

You collected 2933 gold pieces.
You spent 340 gold pieces at shops.

Inventory:

Hand Weapons
 a - a +3 broad axe of chopping (weapon)
 t - the +3 war axe of Bick {antimagic, rN+ MP+9 Int+4 Dex+2}
   (You found it on level 1 of the Swamp)

   It reduces the magical energy of the wielder, and disrupts the spells and
   magical abilities of those hit.
   Natural abilities and divine invocations are not affected.
   It affects your intelligence (+4).
   It affects your dexterity (+2).
   It protects you from negative energy.
   It affects your magic capacity (+9).
 R - the +5 battleaxe of Division {pain, rElec rPois rF+ rC+}
   (Okawaru gifted it to you on level 2 of the Orcish Mines)

   In the hands of one skilled in necromantic magic, it inflicts extra damage on
   living creatures.
   It protects you from fire.
   It protects you from cold.
   It insulates you from electricity.
   It protects you from poison.
Missiles
 k - 6 throwing nets (quivered)
Armour
 b - a +1 crystal plate armour (worn)
 l - a +1 pair of boots of flying
 n - a +0 pair of boots of stealth (worn)
 D - the +0 pair of gloves of Gehenna (worn) {Str+2 Int+4}
   (Okawaru gifted it to you on level 6 of the Lair of Beasts)

   It affects your strength (+2).
   It affects your intelligence (+4).
 H - the +10 large shield of Ignorance (worn) {rN+ Int-4}
   (You found it on level 7 of the Dungeon)

   It affects your intelligence (-4).
   It protects you from negative energy.
 J - a +0 cloak
 N - a +1 cloak of invisibility (worn)
 S - a +2 helmet of intelligence (worn)
Jewellery
 i - a +3 ring of evasion (right hand)
 q - the amulet of Surprise (around neck) {Reflect rElec Str+4 Dex+4 SH+3}
   (You found it on level 6 of the Lair of Beasts)

   [amulet of reflection]

   It shields you and reflects attacks.
   It affects your strength (+4).
   It affects your dexterity (+4).
   It insulates you from electricity.
   It affects your SH (+3).
 A - an uncursed ring of positive energy
 F - a ring of see invisible (left hand)
 V - an uncursed ring of wizardry
Wands
 c - a wand of enslavement (2)
 o - a wand of paralysis (19)
 s - a wand of clouds (1)
 v - a wand of random effects (22)
 x - a wand of iceblast (8)
 G - a wand of disintegration (10)
 M - a wand of polymorph (23)
 Q - a wand of digging (11)
Scrolls
 h - 9 scrolls of magic mapping
 p - 10 scrolls of remove curse
 r - 10 scrolls of teleportation
 y - 3 scrolls of random uselessness
 z - 2 scrolls of blinking
 B - 8 scrolls of enchant weapon
 C - 9 scrolls of enchant armour
 E - 5 scrolls of fog
 I - 3 scrolls of amnesia
 K - 2 scrolls of vulnerability
 O - a scroll of fear
 P - 6 scrolls of identify
 T - 2 scrolls of holy word
 X - a scroll of torment
Potions
 d - 4 potions of mutation
 e - 3 potions of flight
 g - 2 potions of heal wounds
 j - a potion of ambrosia
 m - 8 potions of curing
 u - 5 potions of haste
 w - a potion of brilliance
 W - 3 potions of resistance
Miscellaneous
 L - a lamp of fire
 U - a sack of spiders
Comestibles
 f - 47 rations


   Skills:
 + Level 19.9(24.9) Fighting
   Level 1.0(6.0) Short Blades
 - Level 19.2(24.2) Axes
 - Level 3.2(8.2) Armour
 + Level 18.5(23.5) Shields
 - Level 9.4 Invocations
 - Level 5.0 Evocations


You had 16 spell levels left.
You didn't know any spells.
Your spell library contained the following spells:

 Spells                   Type           Power        Failure   Level  Hunger
 Freeze                   Ice            #...         100%        1    ##.....
 Corpse Rot               Necr           N/A          100%        2    ###....
 Throw Frost              Conj/Ice       #.....       100%        2    ###....
 Ozocubu's Armour         Chrm/Ice       #.......     100%        3    ####...
 Stone Arrow              Conj/Erth      #.....       100%        3    ####...
 Leda's Liquefaction      Hex/Erth       #.........   100%        4    #####..
 Summon Ice Beast         Ice/Summ       #.......     100%        4    #####..
 Throw Icicle             Conj/Ice       #.......     100%        4    #####..
 Summon Forest            Summ/Tloc      #.........   100%        5    ######.
 Hydra Form               Tmut           #.........   100%        6    #######
 Summon Hydra             Summ           #.........   100%        7    #######


Dungeon Overview and Level Annotations

Branches:
Dungeon (15/15)            Temple (0/1) D:6            Lair (6/6) D:8
  Swamp (1/4) Lair:3        Snake (3/4) Lair:4        Slime (0/5) Lair:5
    Orc (2/2) D:12            Elf (0/3) Orc:2        Vaults (0/5) D:14
 Depths (1/5) D:15

Altars:
Ashenzari
Dithmenos
Gozag
Kikubaaqudgha
Okawaru
Uskayaw
Vehumet
Wu Jian
Yredelemnul
Zin
The Shining One
Beogh

Shops:
D:10 }   D:11 ?   Orc:2 %}[}

Annotations:
D:4 3 runed translucent doors, Norian's ghost, novice DECj; RUZZLEFAZAZZLE's ghost, novice GnFi; execc's ghost, amateur OpBe
Swamp:1 contendunt's ghost, adept MiFi


Message History

You block the naga warrior's attack. You block the nagaraja's attack.
The nagaraja constricts you. You block the naga warrior's attack.
You slash the naga warrior!
The naga warrior is heavily wounded.
You hit the nagaraja but do no damage.
You feel sick.
The nagaraja gestures at you while chanting.
The bolt of poison hits you!!
You are more poisoned.
* * * LOW HITPOINT WARNING * * *
The nagaraja constricts you.
The naga sharpshooter unwields a +0 glaive.
The naga sharpshooter wields a +0 shortbow.
The naga sharpshooter casts a spell.
The naga sharpshooter magically shoots an arrow.
You reflect the arrow off an invisible shield around you!
You block the naga warrior's attack.
The nagaraja gestures at you while chanting.
The poison arrow hits you!!
You are more poisoned.
You die...

#...#..........#
#...#..........+
#)..#..........###
.)..............>#
........########.#
.....#### #.#
.#'#.... #)#
.#.#..... #.#
.#.#...... #@#
.#.#......
#NN...(..
##.#......
#........ .
#........ .#
#........
#........
.N......N
.........


You could see a naga warrior, a nagaraja, a naga sharpshooter and a naga
(fleeing).

Vanquished Creatures
  The ghost of Zoigrime the Blocker, an adept FoFi of Jiyva (Swamp:1)
  Frances (D:12)
  A sphinx (Depths:1)
  Gastronok (D:8)
  Kirke (Lair:4)
  A thorn hunter (Swamp:1)
  A frost giant (Depths:1)
  The ghost of Qemahefa the Bludgeoner, an adept GrFi of Okawaru (Swamp:1)
  Aizul (Snake:2)
  An orc warlord (Orc:2)
  A stone giant (D:15)
  Azrael (D:12)
  A rakshasa (D:15)
  An ice dragon (Lair:6)
  A yaktaur captain (D:15)
  4 vault guards (D:14)
  11 hydras
  9 naga warriors
  A centaur warrior (D:15)
  2 anacondas
  An alligator (Swamp:1)
  A ghost crab (Swamp:1)
  A death knight (D:15)
  2 deep troll shamans (Depths:1)
  9 two-headed ogres
  5 shock serpents
  A naga sharpshooter (Snake:1)
  6 orc high priests (Orc:2)
  Sonja (D:12)
  Nergalle (Lair:4)
  5 skeletal warriors (D:10)
  2 unseen horrors
  3 deep trolls (Depths:1)
  Pikel (D:4)
  2 phantasmal warriors (D:15)
  A wizard (D:13)
  2 naga ritualists
  2 mana vipers
  5 orc knights
  A lindwurm (Lair:6)
  2 ugly things (D:14)
  2 cyclopes
  3 orc sorcerers (Orc:2)
  A salamander (Snake:2)
  2 deep elf magi
  3 manticores
  Maurice (D:8)
  2 centaur zombies (D:14)
  11 elephants (Lair:6)
  6 guardian serpents
  19 black mambas
  6 naga magi
  6 spiny frogs
  6 torpor snails
  Psyche (D:8)
  4 gargoyles
  A rime drake (Lair:1)
  4 centaur skeletons
  6 komodo dragons
  A freezing wraith (D:15)
  4 tyrant leeches (Lair:6)
  8 trolls
  10 polar bears (Lair:6)
  6 hornets (Lair:6)
  3 slime creatures
  Prince Ribbit (D:6)
  7 hippogriffs
  A blink frog (shapeshifter) (D:14)
  A raiju (Lair:6)
  12 blink frogs
  A meliai zombie (D:12)
  A dream sheep (Lair:6)
  Sigmund (D:6)
  2 wyverns
  6 wraiths
  57 yaks
  2 fire elementals (D:12)
  2 hungry ghosts
  A basilisk (D:11)
  A steam dragon (D:12)
  7 vampire mosquitoes
  3 hogs (Lair:4)
  21 nagas
  4 swamp worms (Swamp:1)
  10 wargs
  A soldier ant (D:13)
  Duvessa (D:6)
  12 water moccasins
  21 hell hounds
  10 porcupines
  54 orc warriors
  5 ice beasts
  3 sky beasts
  13 black bears
  2 slaves (D:4)
  4 phantoms
  2 eyes of draining
  26 ogres
  5 centaurs
  27 wolves
  15 crocodiles
  A big kobold (D:7)
  An elf zombie (D:12)
  23 bullfrogs
  2 gnoll sergeants
  Dowan (D:6)
  3 scorpions
  A wyvern skeleton (D:11)
  12 killer bees
  A troll zombie (D:12)
  5 wights
  7 howler monkeys
  7 crimson imps
  2 bullfrog zombies
  6 human zombies (D:12)
  32 orc priests
  9 jellies
  A gnoll shaman (D:6)
  3 hounds
  2 bullfrog skeletons (D:12)
  Ijyb (D:3)
  Terence (D:2)
  2 iguanas
  23 orc wizards
  6 worker ants
  2 hound zombies
  A mummy (D:12)
  A howler monkey skeleton (D:9)
  18 gnolls
  11 adders
  2 river rats (Lair:5)
  An adder skeleton (D:4)
  2 worms (D:2)
  2 dart slugs
  5 leopard geckos
  141 orcs
  5 bats
  5 giant cockroaches
  4 goblins (D:2)
  8 hobgoblins
  19 jackals
  5 quokkas
  2 ball pythons (D:2)
  4 frilled lizards
  24 kobolds
  5 rats
  5 fungi
  9 plants
987 creatures vanquished.

Vanquished Creatures (others)
  A yaktaur captain (D:15)
  A naga sharpshooter (Snake:3)
  A cyclops (D:14)
  A vampire mosquito (D:14)
  A naga (Snake:3)
  An orc warrior (D:12)
  A centaur (D:15)
  2 orcs (D:12)
  4 bushes (Lair:6)
  21 fungi
  16 plants
  5 toadstools (Depths:1)
  A withered plant (D:4)
56 creatures vanquished.

Grand Total: 1043 creatures vanquished

Notes
Turn   | Place    | Note
-------+----------+-------------------------------------------
     0 | D:1      | Delamore the Hill Orc Fighter began the quest for the Orb.
     0 | D:1      | Reached XP level 1. HP: 19/19 MP: 1/1
    39 | D:1      | Reached XP level 2. HP: 2/26 MP: 2/2
   701 | D:1      | Reached XP level 3. HP: 29/31 MP: 3/3
  1040 | D:2      | Reached skill level 5 in Axes
  1185 | D:2      | Reached XP level 4. HP: 26/39 MP: 4/4
  1462 | D:2      | Noticed Terence
  1471 | D:2      | Killed Terence
  1473 | D:2      | Reached XP level 5. HP: 16/45 MP: 5/5
  2469 | D:3      | Noticed Ijyb
  2482 | D:3      | Killed Ijyb
  2543 | D:3      | Found an iron altar of Okawaru.
  2547 | D:3      | Reached XP level 6. HP: 51/51 MP: 6/6
  2566 | D:3      | Became a worshipper of Warmaster Okawaru
  2751 | D:4      | Found a basalt altar of Yredelemnul.
  2787 | D:4      | Found a glowing silver altar of Zin.
  2792 | D:4      | Noticed Pikel
  2793 | D:4      | Noticed a slave
  2793 | D:4      | Noticed a slave
  2793 | D:4      | Noticed a slave
  2797 | D:4      | Noticed a slave
  2809 | D:4      | Killed a slave
  2810 | D:4      | Killed a slave
  2813 | D:4      | Killed Pikel
  2813 | D:4      | Reached * piety under Okawaru
  2813 | D:4      | Reached XP level 7. HP: 23/57 MP: 7/7
  3144 | D:4      | Found a glowing golden altar of the Shining One.
  3251 | D:4      | Found a runed translucent gate.
  3252 | D:4      | Noticed RUZZLEFAZAZZLE's ghost (novice GnFi)
  3252 | D:4      | Noticed Norian's ghost (novice DECj)
  3253 | D:4      | Found a runed translucent gate.
  3253 | D:4      | Found a runed translucent gate.
  3253 | D:4      | Noticed execc's ghost (amateur OpBe)
  3309 | D:4      | Found a hide-covered altar of Uskayaw.
  3312 | D:4      | Found an opulent altar of Gozag.
  3363 | D:4      | You fall into a shaft and drop 3 floors!
  3389 | D:6      | Noticed Sigmund
  3400 | D:6      | Killed Sigmund
  3400 | D:6      | Reached ** piety under Okawaru
  3400 | D:6      | Reached XP level 8. HP: 59/64 MP: 8/8
  3534 | D:6      | Found a shattered altar of Ashenzari.
  3613 | D:6      | Noticed Prince Ribbit
  3622 | D:6      | Killed Prince Ribbit
  3636 | D:6      | Noticed Duvessa
  3637 | D:6      | Noticed Dowan
  3648 | D:6      | Killed Duvessa
  3654 | D:6      | Killed Dowan
  3709 | D:6      | Found a radiant altar of Vehumet.
  3791 | D:6      | Reached XP level 9. HP: 60/70 MP: 9/9
  3806 | D:6      | Found a staircase to the Ecumenical Temple.
  4250 | D:7      | Reached skill level 15 in Axes
  4266 | D:7      | Reached *** piety under Okawaru
  4403 | D:7      | Found an ornate altar of the Wu Jian Council.
  4414 | D:7      | You fall into a shaft and drop 2 floors!
  4442 | D:9      | Noticed a two-headed ogre
  4522 | D:8      | Killed a two-headed ogre
  4522 | D:8      | Reached **** piety under Okawaru
  4522 | D:8      | Reached XP level 10. HP: 17/77 MP: 10/10
  4950 | D:7      | Found the +10 large shield of Ignorance {rN+ Int-4}
  5236 | D:7      | Reached ***** piety under Okawaru
  5588 | D:8      | Noticed Gastronok
  5620 | D:8      | Killed Gastronok
  5620 | D:8      | Received a gift from Okawaru
  5774 | D:8      | Found a staircase to the Lair.
  5818 | D:8      | Noticed Psyche
  5826 | D:8      | Reached XP level 11. HP: 92/92 MP: 11/11
  5834 | D:8      | Killed Psyche
  5949 | D:8      | Noticed Maurice
  5979 | D:8      | Killed Maurice
  6291 | D:9      | Found a shadowy altar of Dithmenos.
  7159 | D:10     | Entered Level 10 of the Dungeon
  7207 | D:10     | Received a gift from Okawaru
  7209 | D:10     | Found Nut Ver's Gadget Boutique.
  7733 | D:11     | Noticed a manticore
  7747 | D:11     | Killed a manticore
  7848 | D:11     | Noticed a skeletal warrior
  7849 | D:11     | Found Cuela's Magic Scroll Shop.
  7849 | D:11     | Noticed a skeletal warrior
  7850 | D:11     | Noticed a skeletal warrior
  7850 | D:11     | Noticed a skeletal warrior
  7851 | D:11     | Noticed a skeletal warrior
  7998 | D:10     | Killed a skeletal warrior
  8006 | D:10     | Killed a skeletal warrior
  8006 | D:10     | Received a gift from Okawaru
  8012 | D:10     | Killed a skeletal warrior
  8012 | D:10     | Reached skill level 10 in Fighting
  8127 | D:10     | Killed a skeletal warrior
  8127 | D:10     | Reached XP level 12. HP: 50/106 MP: 12/12
  8401 | D:11     | Bought a scroll of teleportation for 33 gold pieces
  8401 | D:11     | Bought a scroll of identify for 22 gold pieces
  8401 | D:11     | Bought a scroll of fear for 38 gold pieces
  8401 | D:11     | Bought a scroll of identify for 22 gold pieces
  8656 | D:12     | Noticed Frances
  8673 | D:12     | Killed Frances
  8673 | D:12     | Reached skill level 10 in Shields
  8814 | D:12     | Found a roughly hewn altar of Beogh.
  8816 | D:12     | Reached ****** piety under Okawaru
  8964 | D:12     | Received a gift from Okawaru
  9014 | D:12     | Noticed Azrael
  9156 | D:12     | Killed Azrael
  9176 | D:12     | Noticed a two-headed ogre
  9184 | D:12     | Killed a two-headed ogre
  9292 | D:12     | Reached skill level 1 in Invocations
  9296 | D:12     | Reached XP level 13. HP: 118/118 MP: 12/14
  9333 | D:12     | Found a roughly hewn altar of Beogh.
  9693 | D:12     | Noticed Sonja
  9751 | D:12     | Found a staircase to the Orcish Mines.
  9786 | D:12     | Killed Sonja
 10054 | D:12     | Received a gift from Okawaru
 10097 | D:12     | Found an ancient bone altar of Kikubaaqudgha.
 10526 | Orc:1    | Entered Level 1 of the Orcish Mines
 10552 | Orc:1    | Reached skill level 5 in Invocations
 10605 | Orc:1    | Identified a scroll of acquirement
 10828 | Orc:1    | You fall into a shaft and drop 1 floor!
 10828 | Orc:2    | Entered Level 2 of the Orcish Mines
 11134 | Orc:2    | Found a staircase to the Elven Halls.
 11396 | Orc:2    | Received a gift from Okawaru
 11646 | Orc:2    | Found a roughly hewn altar of Beogh.
 11748 | Orc:2    | Found Komaofim's Gadget Emporium.
 11772 | Orc:2    | Found Nogg's Antique Armour Shoppe.
 11810 | Orc:2    | Received a gift from Okawaru
 11811 | Orc:2    | Got a faintly glowing battleaxe {god gift}
 12016 | Orc:2    | Reached XP level 14. HP: 105/130 MP: 20/20
 12019 | Orc:2    | Found Jiwuhao's Gadget Boutique.
 12159 | Orc:2    | Found a roughly hewn altar of Beogh.
 12159 | Orc:2    | Noticed an orc warlord
 12168 | Orc:2    | Killed an orc warlord
 12218 | Orc:2    | Found Adufuz's Food Shoppe.
 12418 | Orc:2    | Bought a glowing helmet for 225 gold pieces
 12927 | Lair:1   | Entered Level 1 of the Lair of Beasts
 12953 | Lair:1   | Received a gift from Okawaru
 12965 | Lair:1   | Reached skill level 1 in Evocations
 14713 | Lair:3   | Found a staircase to the Swamp.
 14731 | Lair:3   | Reached skill level 15 in Fighting
 14789 | Lair:3   | Got a spiked large shield
 14809 | Lair:3   | Identified the +4 large shield of Plasticity {Dex+4} (You
                  | acquired it on level 3 of the Lair of Beasts)
 15184 | Lair:3   | Identified the +5 battleaxe of Division {pain, rElec rPois
                  | rF+ rC+} (Okawaru gifted it to you on level 2 of the Orcish
                  | Mines)
 15647 | Swamp:1  | Entered Level 1 of the Swamp
 15785 | Lair:4   | Found a staircase to the Snake Pit.
 15973 | Lair:4   | Noticed Kirke
 15985 | Lair:4   | Received a gift from Okawaru
 16086 | Lair:4   | Killed Kirke
 16086 | Lair:4   | Reached skill level 5 in Evocations
 16132 | Lair:4   | Got a fine rapier {god gift}
 16133 | Lair:4   | Identified the +4 rapier of Fate {freeze, +Blink rElec
                  | Int+4} (Okawaru gifted it to you on level 4 of the Lair of
                  | Beasts)
 16361 | Lair:4   | Noticed Nergalle
 16380 | Lair:4   | Killed Nergalle
 16380 | Lair:4   | Reached skill level 1 in Short Blades
 16681 | Lair:5   | Reached XP level 15. HP: 141/141 MP: 22/22
 16957 | Lair:5   | Found a staircase to the Slime Pits.
 17346 | Lair:6   | Entered Level 6 of the Lair of Beasts
 17561 | Lair:6   | Received a gift from Okawaru
 17568 | Lair:6   | Reached skill level 15 in Shields
 17582 | Lair:6   | Got a pair of faintly humming gloves {god gift}
 17593 | Lair:6   | Identified the +0 pair of gloves of Gehenna {Str+2 Int+4}
                  | (Okawaru gifted it to you on level 6 of the Lair of Beasts)
 17737 | Lair:6   | Got a translucent iron amulet
 17838 | Lair:6   | Found a runed translucent door.
 18508 | Lair:6   | Received a gift from Okawaru
 18882 | Swamp:1  | Got an ichor-stained long sword
 18883 | Swamp:1  | Identified the +7 long sword of Nijiwn {freeze, rC+} (You
                  | found it on level 1 of the Swamp)
 18997 | Swamp:1  | Noticed a thorn hunter
 19009 | Swamp:1  | Killed a thorn hunter
 19109 | Swamp:1  | Found a runed translucent gate.
 19109 | Swamp:1  | Found a runed translucent gate.
 19109 | Swamp:1  | Found a runed translucent gate.
 19116 | Swamp:1  | Noticed Zoigrime's ghost (adept FoFi)
 19116 | Swamp:1  | Noticed Qemahefa's ghost (adept GrFi)
 19116 | Swamp:1  | Noticed contendunt's ghost (adept MiFi)
 19147 | Swamp:1  | Killed Zoigrime's ghost
 19153 | Swamp:1  | Killed Qemahefa's ghost
 19171 | Swamp:1  | HP: 6/147 [contendunt's ghost (11)]
 19341 | Swamp:1  | Got a shimmering war axe
 19395 | Lair:3   | Identified the +3 war axe of Bick {antimagic, rN+ MP+9
                  | Int+4 Dex+2} (You found it on level 1 of the Swamp)
 19807 | D:13     | Reached XP level 16. HP: 154/155 MP: 10/23
 20420 | D:14     | Found a gate to the Vaults.
 20434 | D:14     | Received a gift from Okawaru
 20636 | D:14     | Identified the amulet of Surprise {Reflect rElec Str+4
                  | Dex+4 SH+3} (You found it on level 6 of the Lair of Beasts)
 21246 | D:15     | Entered Level 15 of the Dungeon
 21408 | D:15     | Found an opulent altar of Gozag.
 21419 | D:15     | Found a glowing silver altar of Zin.
 22037 | D:15     | Got a heavily runed helmet
 22048 | D:15     | Identified the +0 helmet of Mutualism {Dex+4} (You found it
                  | on level 15 of the Dungeon)
 22097 | D:15     | Found a staircase to the Depths.
 22756 | Depths:1 | Entered Level 1 of the Depths
 23064 | Depths:1 | Received a gift from Okawaru
 23224 | Depths:1 | Noticed a sphinx
 23254 | Depths:1 | Paralysed by a sphinx for 6 turns
 23277 | Depths:1 | Killed a sphinx
 23728 | Snake:1  | Entered Level 1 of the Snake Pit
 24273 | Snake:1  | Reached XP level 17. HP: 70/168 MP: 24/24
 25795 | Snake:2  | Noticed Aizul
 25816 | Snake:2  | Killed Aizul
 27003 | Snake:3  | Received a gift from Okawaru
 27100 | Snake:3  | Killed from afar by a nagaraja

Levels and vault maps discovered:
D:1:      scummos_arrival_checkerplants, layout_rooms, kennysheep_another_room
D:2:      layout_rooms, uniq_terence
D:3:      layout_basic, okawaru_altar_gauntlet_db, uniq_ijyb
D:4:      layout_layer_cave, yredelemnul_altar_generic,
          chequers_temple_overflow_statue_of_worship, lemuel_doored_altar,
          kennysheep_mini, gammafunk_ghost_cemetery, first_ration,
          kennysheep_orc_chapel, uniq_pikel
D:6:      layout_basic, vehumet_altar_wand_db, minmay_temple_entry_mist,
          evilmike_ruin_ashenzari, uniq_sigmund, uniq_prince_ribbit1,
          uniq_duvessa
D:7:      kennysheep_kobold_camp, layout_gridville, marbit_many_paths,
          grunt_ogre_cave
D:8:      layout_loops_ring, lair_entry_dummy, uniq_psyche, uniq_gastronok,
          uniq_maurice
D:9:      layout_stronghold, grunt_dithmenos_smoke, serial_column_ruins,
          column_ruins_open_small, column_ruins_columns_corner,
          column_ruins_open_medium, column_ruins_open_small_water,
          serial_bayou_pond_b
D:10:     layout_long_grid, serial_shops, shop, serial_bayou_crossing
D:11:     layout_cave_pools, serial_shops, shop
D:12:     layout_roguey [special_room_orc], david_orc_2, special_room
          [special_room_orc], serial_glass, glass_columns_b, glass_columns_a,
          lemuel_mausoleum_altar_kikubaaqudgha, uniq_azrael, uniq_sonja,
          uniq_frances
D:13:     layout_grid_maze, minmay_misc_feat_pillars, lightli_corner_chamber
D:14:     layout_roguey, lightli_vaults_fourway_checkpoint, grunt_decor_fettered
D:15:     grunt_enter_depths_snipers, layout_layer_cave, minmay_misc_feat_tower,
          jmf_multi_god_temple
Lair:1:   layout_hall_layers, st_stairs_5, grunt_forest_large_clearing_hut
Lair:2:   layout_concentric_octagons
Lair:3:   layout_chaotic_city, minmay_swamp_entry_swarm, serial_forest,
          infiniplex_forest_end_2, infiniplex_forest_end_1,
          infiniplex_forest_zigzag_2, infiniplex_forest_end_1,
          infiniplex_forest_zigzag_1, infiniplex_forest_pool,
          infiniplex_forest_clump_C, infiniplex_forest_zigzag_1,
          infiniplex_forest_clump_diagonal
Lair:4:   layout_small_grid, dummy_snake_entry, patterned_corridor, uniq_kirke,
          uniq_nergalle
Lair:5:   layout_long_grid, minmay_slime_entry_pillars, pond,
          serial_bayou_shore_a
Lair:6:   hangedman_lair_caniforms_friends, layout_misc_corridors, wormcave
Swamp:1:  layout_falls_marsh, gammafunk_ghost_cemetery,
          evilmike_swamp_ruin_house_5, infiniplex_staircase_pool_2
Snake:1:  layout_misc_corridors
Snake:2:  layout_misc_corridors, uniq_aizul
Snake:3:  layout_basic
Orc:1:    layout_caves
Orc:2:    pubby_orc_utopia, serial_shops
Depths:1: minmay_curly_fans, layout_basic, dk_noncrumbling_3, pf_coc_iceberg,
          abyss_entry, rand_demon_pan_entry_4, st_stairs_7,
          hangedman_glass_teeth, hangedman_abyss_or_decor_stagger,
          minmay_gold_behind_fungi, minmay_shop_grid_forest, abandoned_shop,
          drop_trap

Skill      XL: |  1  2  3  4  5  6  7  8  9 10 11 12 13 14 15 16 17 |
---------------+----------------------------------------------------+-----
Axes           | 3 4 5 6 8 11 12 14 17 18 19 | 19.2
Fighting       | 7 10 12 13 15 17 19 | 19.9
Shields        | 6 9 11 12 14 16 17 18 | 18.5
Invocations    | 1 8 9 |  9.4
Evocations     | 5 |  5.0
Short Blades   | 1 |  1.0
Armour         | |  3.2

Action                   |  1- 3 |  4- 6 |  7- 9 | 10-12 | 13-15 | 16-18 || total
-------------------------+-------+-------+-------+-------+-------+-------++-------
Melee: War axe           |   109 |    81 |       |       |     5 |       ||   195
       Hand axe          |       |    68 |   276 |   381 |       |       ||   725
       Broad axe         |       |       |       |   355 |  1429 |   582 ||  2366
       Unarmed           |       |       |       |       |     9 |       ||     9
Throw: Throwing net      |       |       |     1 |     2 |     1 |       ||     4
Invok: Heroism           |       |       |       |     2 |     5 |     1 ||     8
       Finesse           |       |       |       |       |     1 |       ||     1
Evoke: Sack of spiders   |       |       |       |       |     5 |       ||     5
       Wand              |       |       |       |       |    29 |     7 ||    36
       Lamp of fire      |       |       |       |       |     3 |     1 ||     4
  Use: Potion            |       |       |     1 |     3 |     2 |     3 ||     9
       Scroll            |       |       |       |    21 |     8 |     4 ||    33
 Stab: Held in net/web   |       |       |     1 |     1 |       |       ||     2
       Invisible         |       |       |       |     2 |       |       ||     2
  Eat: Chunk             |       |     6 |     6 |    13 |    32 |    13 ||    70
       Ration            |       |       |       |     1 |     1 |     3 ||     5
Armor: Scale mail        |    79 |    24 |       |       |       |       ||   103
       Plate armour      |       |    35 |   113 |   105 |    15 |       ||   268
       Crystal plate arm |       |       |       |       |   356 |   147 ||   503
Dodge: Dodged            |    59 |    51 |    45 |    58 |    99 |    40 ||   352
Block: Shield            |    86 |    91 |    97 |    30 |       |       ||   304
       Large shield      |       |       |       |   605 |  1550 |   725 ||  2880
       Reflection        |       |       |       |       |       |    61 ||    61
